 Dungeon Crawl Stone Soup version 0.20.1-1-g8b1a95d (console) character file.

30 hilaritas the Chiller (level 3, -3/19 HPs)
             Began as a Deep Elf Ice Elementalist on Aug 27, 2017.
             Slain by a worm (11 damage)
             ... on level 1 of the Dungeon.
             The game lasted 00:01:56 (1075 turns).

hilaritas the Chiller (Deep Elf Ice Elementalist)   Turns: 1075, Time: 00:01:56

Health: -3/19      AC:  2    Str:  6    XL:     3   Next: 5%
Magic:  6/9        EV: 13    Int: 19    God:
Gold:   26         SH:  0    Dex: 15    Spells: 2/8 levels left

rFire    . . .     SeeInvis .   g - +2 dagger (venom)
rCold    . . .     Gourm    .   (no shield)
rNeg     . . .     Faith    .   a - +0 robe
rPois    .         Spirit   .   (no helmet)
rElec    .         Reflect  .   (no cloak)
rCorr    .         Harm     .   (no gloves)
MR       .....                  (no boots)
Stlth    ++........             (no amulet)
Regen    0.1/turn               (no ring)
MPRegen  0.2/turn               (no ring)

@: no status effects
A: no striking features
a: no special abilities


You were on level 1 of the Dungeon.
You were not hungry.

You visited 1 branch of the dungeon, and saw 1 of its levels.

You collected 26 gold pieces.

Inventory:

Hand Weapons
 g - a +2 dagger of venom (weapon)
Armour
 a - a +0 robe (worn)
Scrolls
 d - a scroll of enchant weapon {unknown}
 e - a scroll of fear {unknown}
 i - 4 scrolls of fog {unknown}
 j - a scroll of recharging {unknown}
 m - a scroll of remove curse {unknown}
 n - 2 scrolls of identify {unknown}
Potions
 h - a potion of curing {unknown}
 k - a potion of brilliance {unknown}
Books
 b - a book of Frost

   Spells                             Type                      Level
   a - Freeze                         Ice                          1
   b - Throw Frost                    Conjuration/Ice              2
   c - Ozocubu's Armour               Charms/Ice                   3
   d - Throw Icicle                   Conjuration/Ice              4
   e - Summon Ice Beast               Ice/Summoning                4
Comestibles
 c - 2 bread rations
 l - a royal jelly


   Skills:
 - Level 2.4 Dodging
 - Level 2.4 Stealth
 - Level 3.0 Spellcasting
 * Level 1.5 Conjurations
 + Level 4.4 Ice Magic


You had 2 spell levels left.
You knew the following spells:

 Your Spells              Type           Power        Failure   Level  Hunger
a - Freeze                Ice            ###.         2%          1    None
b - Throw Frost           Conj/Ice       ##....       7%          2    ##.....
c - Ozocubu's Armour      Chrm/Ice       ##......     19%         3    ###....


Dungeon Overview and Level Annotations

Branches:
Dungeon (1/15)

Altars:


Message History

You freeze the worm.
The worm is moderately wounded.
Casting: Freeze
Confirm with . or Enter, or press ? or * to list all spells.
Aiming: Freeze
Press: ? - help, Shift-Dir - straight line, f/p - worm
Aim: a worm (moderately wounded)
You freeze the worm.
The worm is severely wounded.
The worm completely misses you.
Casting: Freeze
Confirm with . or Enter, or press ? or * to list all spells.
Aiming: Freeze
Press: ? - help, Shift-Dir - straight line, f/p - worm
Aim: a worm (severely wounded)
You freeze the worm.
The worm is severely wounded.
The worm bites you!
Ouch! That really hurt!
You die...

##.##.######...## #.#
##..............#########.#
#####.####.#..............#
# #.# #.######.#########
#####.# #.#≈≈≈≈♣≈♣≈≈≈#
......# ###≈..P.....≈#
####### #≈.PPP....≈#
#≈..P.....≈#
##♣♣..@....♣###
#.....w.<...≈..#
#.#♣♣.......♣#.#
#≈..P...♣.≈# # #≈.PPP.♣♣♣≈#
.# #≈..P...♣ ≈# ###.##
#≈≈≈≈♣≈♣≈≈≈# #....
######.#####.# #.#.#
#......# #.#


You could see a worm.

Vanquished Creatures
  2 oozes (D:1)
  A dart slug (D:1)
  3 bats (D:1)
  3 goblins (D:1)
  6 hobgoblins (D:1)
  2 frilled lizards (D:1)
  A kobold (D:1)
  A rat (D:1)
19 creatures vanquished.

Vanquished Creatures (others)
  5 toadstools (D:1)
5 creatures vanquished.

Grand Total: 24 creatures vanquished

Notes
Turn   | Place    | Note
-------+----------+-------------------------------------------
     0 | D:1      | hilaritas the Deep Elf Ice Elementalist began the quest for the Orb.
     0 | D:1      | Reached XP level 1. HP: 10/10 MP: 6/6
   128 | D:1      | Reached skill level 4 in Ice Magic
   128 | D:1      | Reached XP level 2. HP: 15/15 MP: 4/8
   443 | D:1      | Learned a level 2 spell: Throw Frost
   836 | D:1      | Reached XP level 3. HP: 14/19 MP: 6/9
   846 | D:1      | Learned a level 3 spell: Ozocubu's Armour
  1075 | D:1      | Slain by a worm

Skill      XL: |  1 |
---------------+----+-----
Ice Magic      | 4 |  4.4
Dodging        | |  2.4
Stealth        | |  2.4
Spellcasting   | |  3.0
Conjurations   | |  1.5

Action                   || total
-------------------------++-------
 Cast: Freeze            ||    34
Armor: Robe              ||     3
Dodge: Dodged            ||    16
